 Dungeon Crawl Stone Soup version 0.31-a0-221-gbddc013574 (webtiles) character file.

Game seed: 11896121809434011998

65 qw the Shield-Bearer (level 4, -2/28 HPs)
             Began as a Gargoyle Fighter on July 3, 2023.
             Slain by a gnoll
             ... wielding a +0 whip
              (8 damage)
             ... on level 2 of the Dungeon.
             The game lasted 00:00:20 (1029 turns).

qw the Shield-Bearer (Gargoyle Fighter)             Turns: 1029, Time: 00:00:21

Health: -2/28      AC: 10    Str: 21    XL:     4   Next: 14%
Magic:  4/4        EV:  6    Int:  9    God:
Gold:   57         SH: 12    Dex:  9    Spells: 3/3 levels left

rFire   . . .        Y - +0 war axe
rCold   . . .        e - +0 tower shield
rNeg    + . .        b - +0 scale mail
rPois   inf          (no helmet)
rElec   +            (no cloak)
rCorr   .            (no gloves)
SInv    .            (no boots)
Will    .....        (no amulet) Stlth
                     (no ring)
HPRegen 0.24/turn    (no ring)
MPRegen 0.09/turn

%: no passive effects
@: no status effects
A: sickness immunity, AC +3, negative energy resistance 1, electricity
resistance, torment resistance 1, petrification resistance
a: no special abilities


You were on level 2 of the Dungeon.
You visited 1 branch of the dungeon, and saw 2 of its levels.

You collected 57 gold pieces.


Innate Abilities, Weirdness & Mutations

You are immune to sickness and miasma.
Your stone body is resilient. (AC +3)
You are immune to poison.
You resist negative energy. (rN+)
You are resistant to electric shocks. (rElec)
You are resistant to unholy torment.
You are immune to petrification.


   Skills:
 - Level 3.2 Fighting
 - Level 2.6 Axes
 - Level 3.2 Armour
 + Level 4.7 Shields


You had 3 spell levels left.
You didn't know any spells.
Your spell library was empty.

Inventory:

Hand Weapons
 f - a +0 club
 Y - a +0 war axe (weapon)
Armour
 b - a +0 scale mail (worn)
 e - a +0 tower shield (worn)
Scrolls
 a - a scroll of identify
Potions
 d - a potion of might
 i - a potion of mutation
 j - a potion of enlightenment {unknown}

Dungeon Overview and Level Annotations

Branches:
Dungeon (2/15)

Altars:


Message History

You kill the endoplasm!
The gnoll hits you with a +0 whip!
You slash the gnoll!
The gnoll is heavily wounded.
A goblin comes into view. It is wielding a +0 club.
You block the gnoll's attack. The gnoll hits you but does no damage.
You slash the gnoll!
You kill the gnoll!
You block the ball python's attack. The ball python closely misses you.
The gnoll hits you but does no damage.
You hit the ball python.
You kill the ball python!
A gnoll comes into view. It is wielding a +0 whip.
You block the gnoll's attack.
The gnoll shouts!
You block the gnoll's attack.
Things that are here:
a +0 whip; a +0 spear; a ball python corpse You slash the gnoll!
The gnoll is severely wounded.
You hit the goblin.
You kill the goblin!
The gnoll hits you but does no damage. You block the gnoll's attack.
You slash the gnoll!
You kill the gnoll!
You closely miss the gnoll. You block the gnoll's attack.
A rat comes into view.
The gnoll hits you with a +0 whip.
You have reached level 4!
You feel clever.
You completely miss the gnoll. The gnoll hits you but does no damage.
You barely miss the gnoll. You block the gnoll's attack. x2
You closely miss the gnoll. You barely miss the rat.
You block the gnoll's attack. The rat closely misses you.
You closely miss the gnoll. You closely miss the rat.
The rat barely misses you. The gnoll hits you but does no damage.
The rat barely misses you. The gnoll hits you with a +0 whip!
You die...

### .. . #.#
.. ##..#
...# #...#
.....## #..#
#....g##..#
# ###r@..#
.###...##.#
(....###..#
###.......#
##......##
###....#.##
.........#
###.####.###
# #.).#


You could see a gnoll and a rat.

Vanquished Creatures
  3 gnolls (D:2)
  An adder (D:2)
  A worm (D:2)
  3 ball pythons (D:2)
  4 endoplasms
  4 goblins
  2 hobgoblins
  A kobold (D:1)
  A quokka (D:1)
  A bat (D:1)
  2 frilled lizards
23 creatures vanquished.

Notes
Turn   | Place    | Note
-------+----------+-------------------------------------------
     0 | D:1      | qw the Gargoyle Fighter began the quest for the Orb.
     0 | D:1      | Reached XP level 1. HP: 14/14 MP: 1/1
     0 | D:1      | 0 ||| qw: Version: 0.3-a-40-ge99b1a8
     0 | D:1      | 0 ||| qw: Game counter: 526
     0 | D:1      | 0 ||| qw: Melee chars always use a shield: true
     0 | D:1      | 0 ||| qw: God list: Okawaru
     0 | D:1      | 0 ||| qw: Allow faded altars: false
     0 | D:1      | 0 ||| qw: Do Orc after clearing Dungeon:15 true
     0 | D:1      | 0 ||| qw: Do second Lair branch before Depths: true
     0 | D:1      | 0 ||| qw: Lair rune preference: random
     0 | D:1      | 0 ||| qw: Goals: Normal, Zot:1-4, Slime:5, God:TSO, Crypt,
                  | Tomb, Abyss, Pan, Hells, Win
     0 | D:1      | 0 ||| PLANNING D:1-11
    41 | D:1      | 41 ||| Stepping ~*~*~tactically~*~*~ (stealth).
    42 | D:1      | 42 ||| Stepping ~*~*~tactically~*~*~ (stealth).
   196 | D:1      | Reached XP level 2. HP: 19/19 MP: 2/2
   208 | D:1      | Found a faded altar of an unknown god.
   871 | D:1      | 871 ||| UPGRADING to +0 tower shield.
   881 | D:1      | 881 ||| DROPPING +0 buckler.
   882 | D:1      | 882 ||| READING 3 scrolls labelled RAJOFAKLER.
   883 | D:1      | 883 ||| READING scroll labelled BOURIR ESMOET.
   884 | D:1      | 884 ||| READING 2 scrolls of identify.
   884 | D:1      | 884 ||| IDENTIFYING green potion
  1015 | D:2      | Reached skill level 4 in Shields
  1015 | D:2      | Reached XP level 3. HP: 12/23 MP: 3/3
  1019 | D:2      | HP: 4/23 [gnoll/+0 whip (8)]
  1025 | D:2      | HP: 4/23 [gnoll/+0 whip (3)]
  1026 | D:2      | Reached XP level 4. HP: 4/28 MP: 4/4
  1029 | D:2      | Slain by a gnoll

Levels and vault maps discovered:
D:1:      saegor_arrival_fortress, layout_loops_ring,
          dreamdust_ecumenical_altar_angels_and_demons,
          chequers_serial_rivers_room_a
D:2:      layout_rooms, nrook_mini_vaults, uniq_crazy_yiuf_cottage

Skill      XL: |  1  2 |
---------------+-------+-----
Axes           | 2 |  2.6
Shields        | 4 |  4.7
Fighting       | |  3.2
Armour         | |  3.2

Action                     |  1- 3 |  4- 6 || total
---------------------------+-------+-------++-------
  Melee: War axe           |    50 |     4 ||    54
  Throw: Javelin           |     8 |       ||     8
    Use: Scroll            |     3 |       ||     3
 Armour: Scale mail        |    25 |     2 ||    27
  Dodge: Dodged            |    10 |     3 ||    13
  Block: Buckler           |     2 |       ||     2
         Tower shield      |    25 |     3 ||    28

Table legend:
 A = Non-vault XP
 B = Vault XP
 C = Vault XP percentage of total XP
 D = Non-vault monster count
 E = Vault monster count
 F = Vault count percentage of total count
                 A         B        C        D         E       F
            +---------+---------+-------+---------+---------+-------
      Total |      94 |       0 |   0.0 |      23 |       0 |   0.0
            +---------+---------+-------+---------+---------+-------
        D:1 |      18 |       0 |   0.0 |      10 |       0 |   0.0
        D:2 |      76 |       0 |   0.0 |      13 |       0 |   0.0
            +---------+---------+-------+---------+---------+-------
